 Dungeon Crawl Stone Soup version 0.29-a0-653-gd47aff6735 (webtiles) character file.

Game seed: 8411591619546428652

33 Rocko1345 the Covered (level 3, -2/31 HPs)
             Began as a Gnoll Wanderer on June 21, 2022.
             Was an Initiate of Trog.
             Slain by Sigmund
             ... wielding a +0 scythe
              (5 damage)
             ... on level 2 of the Dungeon.
             The game lasted 00:07:48 (1323 turns).

Rocko1345 the Covered (Gnoll Wanderer)              Turns: 1323, Time: 00:07:49

Health: -2/31      AC:  7    Str:  9 (10) XL:     3   Next: 29%
Magic:  7/7        EV:  8    Int: 14 (16) God:    Trog [......]
Gold:   40         SH:  0    Dex:  8 (11) Spells: 6/7 levels left

rFire   . . .      SeeInvis .   l - +0 long sword
rCold   . . .      Faith    .   (no shield)
rNeg    . . .      Spirit   .   b - +0 scale mail
rPois   .          Reflect  .   (no helmet)
rElec   .          Harm     .   (no cloak)
rCorr   .          Rampage  .   (no gloves)
Will    .....                   (no boots)
Stlth   ..........              (no amulet)
HPRegen 0.10/turn               (no ring)
MPRegen 0.10/turn               (no ring)

@: confused, mighty, flying
A: fangs 1, strong nose, distributed training, clever 1
a: Renounce Religion


You were on level 2 of the Dungeon.
You worshipped Trog.
Trog was noncommittal.
You visited 1 branch of the dungeon, and saw 2 of its levels.

You collected 40 gold pieces.

Inventory:

Hand Weapons
 a - a +0 shortbow
 l - a +0 long sword (weapon)
Armour
 b - a +0 scale mail (worn)
Scrolls
 c - a scroll of fear
 d - a scroll of identify
 f - a scroll of brand weapon {unknown}
 h - a scroll of enchant weapon {unknown}
 i - a scroll of enchant armour {unknown}
 k - a scroll of blinking {unknown}


   Skills:
 + Level 4.5 Fighting
 + Level 0.7 Short Blades
 + Level 0.7 Long Blades
 + Level 0.7 Axes
 + Level 0.7 Maces & Flails
 + Level 0.7 Polearms
 + Level 0.7 Staves
 + Level 0.7 Slings
 + Level 2.6 Bows
 + Level 0.7 Crossbows
 + Level 0.7 Throwing
 + Level 6.5 Armour
 + Level 0.7 Dodging
 + Level 2.3 Stealth
 + Level 0.7 Shields
 + Level 0.7 Unarmed Combat
 + Level 2.8 Spellcasting
 + Level 3.7 Conjurations
 + Level 0.5 Hexes
 + Level 0.5 Summonings
 + Level 0.5 Necromancy
 + Level 0.5 Translocations
 + Level 0.5 Transmutations
 + Level 0.5 Fire Magic
 + Level 0.5 Ice Magic
 + Level 0.5 Air Magic
 + Level 0.5 Earth Magic
 + Level 0.5 Poison Magic
 + Level 0.9 Invocations
 + Level 0.7 Evocations


You had 6 spell levels left.
You knew the following spells:

 Your Spells              Type           Power      Damage    Failure   Level
a - Foxfire               Conj/Fire      28%        2x1d5     50%         1

Your spell library contained the following spells:

 Spells                   Type           Power      Damage    Failure   Level
 Searing Ray              Conj           24%        2d5       41%         2
 Conjure Flame            Conj/Fire      7%         6-21      86%         3
 Ozocubu's Armour         Ice            3%         N/A       98%         3
 Metabolic Englaciation   Hex/Ice        1%         N/A       100%        5
 Simulacrum               Ice/Necr       1%         N/A       100%        6


Dungeon Overview and Level Annotations

Branches:
Dungeon (2/15)

Altars:
Trog

Annotations:
D:2 Sigmund


Innate Abilities, Weirdness & Mutations

You have very sharp teeth.
Your uncanny sense of smell can sniff out nearby items.
Your experience applies equally to all skills.
Your mind is acute. (Int +4, Str/Dex-1)


Message History

l - a +0 long sword (weapon)
You miss the frilled lizard.
The frilled lizard bites you but does no damage.
The frilled lizard barely misses you.
You slash the frilled lizard!
You kill the frilled lizard!
You see here a poisoned dart.
You see here a poisoned dart.
j - 3 poisoned darts (gained 1)
You are starting to lose your buoyancy.
There is a bloodstained altar of Trog here.
You hover solemnly before the altar of Trog.
You hover solemnly before the altar of Trog.
Trog welcomes you!
Throw: 3 darts (poison)
Press: ? - help, Q - select action Shift-Dir - straight line, f - Sigmund
Aim: Sigmund, wielding a +0 scythe and wearing a +0 robe (52% to hit)
You throw a poisoned dart. The poisoned dart hits Sigmund.
Sigmund is poisoned.
Sigmund gestures at you while chanting.
You are confused.
Non-targeted confused throw: 2 darts (poison)
Press: ? - help, Q - select action Dir - look around, f - activate You throw a poisoned dart.
Non-targeted confused throw: dart (poison)
Press: ? - help, Q - select action Dir - look around, f - activate Look: Sigmund, wielding a +0 scythe and wearing a +0 robe (poisoned)
You throw a poisoned dart.
You float gracefully downwards.
Sigmund points at you and mumbles some strange words.
The puff of flame hits you.
* * * LOW HITPOINT WARNING * * *
You feel very buoyant.
You fly up into the air.
Sigmund gestures at you while chanting.
You are more confused.
You bump into the rock wall.
Sigmund closely misses you.
You are too confused!
Sigmund looks more healthy.
Sigmund hits you from afar with a +0 scythe.
You die...

......#.##########
##### .......(...#
♣##.#.#....####
#.......(.#
####......#
#.#####.._..#
#.....@.....#
#.####....(.#
#@...### ######


You could see Sigmund.

Vanquished Creatures
  A dart slug (D:1)
  2 endoplasms (D:1)
  A giant cockroach (D:1)
  3 goblins
  3 hobgoblins (D:1)
  3 kobolds (D:1)
  A quokka (D:1)
  5 bats (D:1)
  5 frilled lizards
  5 rats (D:1)
29 creatures vanquished.

Notes
Turn   | Place    | Note
-------+----------+-------------------------------------------
     0 | D:1      | Rocko1345 the Gnoll Wanderer began the quest for the Orb.
     0 | D:1      | Rocko1345 set off with the following items: a +0 shortbow,
                  | a +0 scale mail, a scroll of fear; and the following spell
                  | memorised: Foxfire; and the following spells available to
                  | memorise: Searing Ray, Conjure Flame.
     0 | D:1      | Reached XP level 1. HP: 20/20 MP: 4/4
   183 | D:1      | Reached XP level 2. HP: 26/26 MP: 5/5
   184 | D:1      | Found a faded altar of an unknown god.
   472 | D:1      | Reached XP level 3. HP: 31/31 MP: 7/7
  1250 | D:2      | Noticed Sigmund
  1272 | D:2      | Gained mutation: You have a pair of small horns on your
                  | head. [potion of mutation]
  1272 | D:2      | Gained mutation: You possess an exceptional clarity of
                  | mind. [potion of mutation]
  1273 | D:2      | Lost mutation: You have a pair of small horns on your head.
                  | [potion of mutation]
  1273 | D:2      | Lost mutation: You possess an exceptional clarity of mind.
                  | [potion of mutation]
  1273 | D:2      | Gained mutation: Your spells are a little harder to cast,
                  | but a little more powerful. [potion of mutation]
  1273 | D:2      | Lost mutation: Your spells are a little harder to cast, but
                  | a little more powerful. [potion of mutation]
  1273 | D:2      | Gained mutation: Your mind is acute. (Int +4, Str/Dex-1)
                  | [potion of mutation]
  1285 | D:2      | Found a bloodstained altar of Trog.
  1311 | D:2      | Became a worshipper of Trog the Wrathful
  1323 | D:2      | Slain by Sigmund

Illustrated notes

Levels and vault maps discovered:
D:1:      dpeg_arrival_rhombi, layout_basic, shapermc_ecumenical_altar_acropolis
D:2:      layout_basic, basic_altar, grunt_decor_cap,
          kennysheep_cross_bottleneck, uniq_sigmund, uniq_crazy_yiuf_cottage,
          uniq_jessica

Action                   || total
-------------------------++-------
Melee: Long sword        ||     2
 Fire: Shortbow          ||    80
Throw: Dart              ||     7
  Use: Potion            ||     6
       Scroll            ||     2
Armor: Scale mail        ||    32
Dodge: Dodged            ||    23

Table legend: (Time is in decaauts)
 A = Elapsed time spent in this place.
 B = Non-inter-level travel time spent in this place.
 C = Inter-level travel time spent in this place.
 D = Time resting spent in this place.
 E = Time spent auto-exploring this place.
 F = Levels seen in this place.
 G = Mean time per level.
                   A        B        C        D        E       F      G
               +--------+--------+--------+--------+--------+-----+--------+
         Total |   1371 |   1271 |    100 |      0 |    971 |   2 |  685.5 |
       Dungeon |   1371 |   1271 |    100 |      0 |    971 |   2 |  685.5 |
               +--------+--------+--------+--------+--------+-----+--------+

Top non-repeatable levels by time:
     D:1: 1221 daAuts
     D:2: 150 daAuts
